 Dungeon Crawl Stone Soup version bcrawl-1.39.1 (webtiles) character file.

Game seed: 2931300954540634467

134164 Finalfun the Skirmisher (level 4, 0/35 HPs)
             Began as a Demonspawn Abyssal Knight on Sept 26, 2023.
             Was a Believer of Lugonu.
             Slain by a sky beast (4 damage)
             ... on level 2 of the Dungeon.
             The game lasted 00:04:16 (1501 turns).

Finalfun the Skirmisher (Demonspawn Abyssal Knight) Turns: 1501, Time: 00:04:16

Health: 0/35       AC:  5    Str: 14    XL:     4   Next: 3%
Magic:  0/6        EV:  9    Int: 12    God:    Lugonu [**....]
Gold:   72         SH:  5    Dex: 13    Spells: 3/3 levels left

rFire    . . .     GDR:     27% a - +0 rapier
rCold    . . .     SeeInvis .   o - +0 buckler
rNeg     . . .     Gourm    .   b - +0 ring mail
rPois    .         Faith    .   (helmet restricted)
rElec    .         Spirit   +   (no cloak)
rCorr    .         Reflect  .   (no gloves)
MR       .....                  (no boots)
Stlth    ..........             (no amulet)
HPRegen  0.15/turn              (no ring)
MPRegen  0.10/turn              (no ring)

@: very slightly contaminated, invisible
A: antennae 1, hooves 1, magic shield
a: Depart the Abyss, Bend Space, Banish, Renounce Religion


You were on level 2 of the Dungeon.
You worshipped Lugonu.
Lugonu was pleased with you.
You were hungry.

You visited 1 branch of the dungeon, and saw 2 of its levels.
You visited the Abyss 1 time.

You collected 72 gold pieces.

Inventory:

Hand Weapons
 a - a +0 rapier (weapon)
Missiles
 c - 10 tomahawks of dispersal {=f}
 d - 351 stones (quivered)
 g - 127 arrows
 p - 74 poisoned needles
Armour
 b - a +0 ring mail (worn)
 o - a +0 buckler (worn)
Jewellery
 j - a cursed amulet of magic regeneration {unknown}
Scrolls
 f - 2 scrolls of remove curse {unknown}
 h - a scroll of teleportation {unknown}
 l - 2 scrolls of revelation
 m - a scroll of fear
 n - a scroll of noise {unknown}
Comestibles
 e - 4 rations {!d}
 i - 3 chunks of flesh


   Skills:
 - Level 3.2 Fighting
 - Level 2.0 Short Blades
 - Level 1.0 Throwing
 - Level 2.0 Armour
 - Level 1.0 Dodging
 + Level 2.7 Shields
 - Level 3.0 Invocations


You had 3 spell levels left.
You didn't know any spells.
Your spell library was empty.

Dungeon Overview and Level Annotations

Branches:
Dungeon (2/12)

Altars:
Lugonu


Innate Abilities, Weirdness & Mutations

You have a pair of small antennae on your head.
You have large cloven feet.
When hurt, damage is shared between your health and your magic reserves.


Message History

The sky beast is moderately wounded.
The sky beast barely misses you.
You closely miss the sky beast.
The sky beast is moderately wounded.
The sky beast hits you. The sky beast shocks you.
You closely miss the sky beast. Your kick misses the sky beast.
The sky beast is moderately wounded.
The sky beast hits you.
* * * LOW HITPOINT WARNING * * *
The sky beast shocks you.
* * * LOW HITPOINT WARNING * * *
You closely miss the sky beast.
The sky beast is moderately wounded.
The sky beast hits you but does no damage.
You hit the sky beast. You kick the sky beast!
The sky beast is heavily wounded.
The sky beast hits you.
* * * LOW HITPOINT WARNING * * *
The sky beast shocks you.
You die...

..........######################
.##.#####.##...................##
.##.#####.##..#...#...#...#...#..
........>.##_....................
.##.####..##..#...#...#...#...###
.##.##.....#...................##
.##.##.#...#####################.
.##.##....#............# #.##..
....##..#.######@#####. #.....
.#......#.# #Y# #####>.
.#.####.#.# ##†# #......
..........# #..# #.#####
...####..... #...# ...#
####..###? ...# #.# #....... ...#
... ...#..# ...# ##. #.#..#


You could see a sky beast.

Vanquished Creatures
  2 oozes
  3 worms (D:2)
  A dart slug (D:1)
  3 leopard geckos
  A ball python (D:1)
  6 bats
  4 giant cockroaches
  6 goblins
  2 hobgoblins (D:1)
  5 jackals (D:1)
  A frilled lizard (D:2)
  5 kobolds
  7 rats
46 creatures vanquished.

Notes
Turn   | Place    | Note
-------+----------+-------------------------------------------
     0 | Abyss:1  | Finalfun the Demonspawn Abyssal Knight began the quest for
                  | the Orb.
     0 | Abyss:1  | Reached XP level 1. HP: 18/18 MP: 2/2
    97 | Abyss:1  | Noticed an efreet
    98 | D:1      | Escaped the Abyss
   118 | D:1      | Reached * piety under Lugonu
   181 | D:1      | Reached skill level 1 in Throwing
   181 | D:1      | Reached skill level 1 in Dodging
   226 | D:1      | Gained mutation: When hurt, damage is shared between your
                  | health and your magic reserves. [demonic ancestry]
   226 | D:1      | Reached XP level 2. HP: 24/24 MP: 4/4
   303 | D:1      | Reached skill level 1 in Shields
   511 | D:1      | Gained mutation: You have a pair of small antennae on your
                  | head. [demonic ancestry]
   511 | D:1      | Reached XP level 3. HP: 29/29 MP: 5/5
   855 | D:1      | Reached ** piety under Lugonu
  1133 | D:2      | Found a corrupted altar of Lugonu.
  1363 | D:2      | Noticed a sky beast
  1429 | D:2      | Gained mutation: You have large cloven feet. [demonic
                  | ancestry]
  1429 | D:2      | Reached XP level 4. HP: 20/35 MP: 4/6
  1501 | D:2      | Slain by a sky beast

Skill      XL: |  1  2  3 |
---------------+----------+-----
Short Blades   | 2 |  2.0
Throwing       | 1 |  1.0
Dodging        | 1 |  1.0
Armour         | 2 |  2.0
Invocations    | 3 |  3.0
Shields        | 1 2 |  2.7
Fighting       | |  3.2

Action                   |  1- 3 |  4- 6 || total
-------------------------+-------+-------++-------
Melee: Rapier            |   163 |    16 ||   179
       Kick              |       |     3 ||     3
Throw: Stone             |     3 |     5 ||     8
Invok: Depart the Abyss  |     1 |       ||     1
  Use: Scroll            |     2 |       ||     2
       Potion            |       |     1 ||     1
  Eat: Chunk             |     6 |       ||     6
Armor: Ring mail         |    54 |     6 ||    60
Dodge: Dodged            |    59 |     5 ||    64
Block: Buckler           |    35 |     2 ||    37
